 Dungeon Sprint DCSS version 0.22.1-1-ga44c0e56f4 (webtiles) character file.

1906 MuseOD the Unseen (level 8, -35/44 HPs)
             Began as a Spriggan Enchanter on Sept 21, 2018.
             Was a Follower of Dithmenos.
             Shot with a bolt by a yaktaur captain (41 damage)
             ... in the Dungeon (Sprint II: "The Violet Keep of Menkaure").
             The game lasted 00:04:24 (1060 turns).

MuseOD the Unseen (Spriggan Enchanter)              Turns: 1060, Time: 00:04:25

Health: -35/44     AC:  2    Str:  4    XL:     8   Next: 94%
Magic:  10/22      EV: 18    Int: 19    God:    Dithmenos [*.....]
Gold:   603        SH:  0    Dex: 16    Spells: 1/26 levels left

rFire    . . .     SeeInvis +   a - +1 dagger
rCold    . . .     Gourm    .   (shield restricted)
rNeg     . . .     Faith    .   b - +0 robe
rPois    .         Spirit   .   (helmet restricted)
rElec    .         Reflect  .   (no cloak)
rCorr    .         Harm     .   (gloves unavailable)
MR       +....     NoTele   +   (boots unavailable)
Stlth    ++++++++..             (no amulet)
HPRegen  0.14/turn              (no ring)
MPRegen  0.18/turn              (no ring)

@: wreathed by umbra, very quick
A: very small, unfitting armour, see invisible, herbivore, speed 3, slow
metabolism 2
a: Renounce Religion


You were in the Dungeon.
You worshipped Dithmenos.
Dithmenos was aware of your devotion.
You were not hungry.

You visited 1 branch You collected 1053 gold pieces.
You spent 450 gold pieces at shops.

Inventory:

Hand Weapons
 a - a +1 dagger (weapon)
Armour
 b - a +0 robe (worn)
Scrolls
 c - a scroll of identify {unknown}
 j - a scroll of blinking
Potions
 f - a potion of heal wounds
 g - a potion of haste
Comestibles
 d - a ration


   Skills:
 - Level 6.3 Fighting
 - Level 11.6 Short Blades
 - Level 3.0 Dodging
 + Level 16.1 Stealth
 - Level 9.6 Spellcasting
 * Level 0.0 Conjurations
 - Level 9.9 Hexes


You had one spell level left.
You knew the following spells:

 Your Spells              Type           Power        Failure   Level  Hunger
a - Corona                Hex            #####..      1%          1    None
b - Ensorcelled Hibernat  Hex/Ice        ####..       1%          2    None
c - Confuse               Hex            #####...     1%          3    None
d - Dazzling Spray        Conj/Hex       ####..       3%          3    None
e - Bolt of Magma         Conj/Fire/Erth #.........   91%         5    #####..
f - Venom Bolt            Conj/Pois      #.........   91%         5    #####..
g - Iron Shot             Conj/Erth      #.........   100%        6    ######.

Your spell library contained the following spells:

 Spells                   Type           Power        Failure   Level  Hunger
 Tukima's Dance           Hex            #####...     1%          3    None
 Iskenderun's Battlesphe  Conj/Chrm      #.......     91%         5    #####..
 Orb of Destruction       Conj           #.........   100%        7    #######
 Spellforged Servitor     Conj/Summ      #.........   100%        7    #######


Dungeon Overview and Level Annotations

Branches:
Dungeon (1/1)

Altars:
Cheibriados
Dithmenos
Elyvilon
Fedhas
Gozag
Hepliaklqana
Kikubaaqudgha
Makhleb
Nemelex Xobeh
Okawaru
Qazlal
Ru
Sif Muna
Trog
Uskayaw
Vehumet
Wu Jian
Xom
Yredelemnul
Zin
The Shining One
Beogh
Jiyva
Lugonu

Shops:
D !*::(?[}!=[=[}%(

Annotations:
D exclusions: Roxanne and oklob plant, Kirke, Roxanne


Innate Abilities, Weirdness & Mutations

You are very small and have problems with some larger weapons.
You are too small for most types of armour.
You have supernaturally acute eyesight. (SInv)
You are a herbivore.
You cover ground extremely quickly.
You need to consume almost no food.


Message History

Ouch! That really hurt!
* * * LOW HITPOINT WARNING * * *
You hear a shout!
You see here a bolt.
Really walk into a travel-excluded area?
Okay, then.
Really walk into a travel-excluded area?
There is an open door here.
You close the door.
You start resting.
A yaktaur captain opens the door.
It is wielding an arbalest.
Casting: Confuse (safe; 1% risk of failure)
Confirm with . or Enter, or press ? or * to list all spells.
Aiming: Confuse (safe; 1% risk of failure)
Press: ? - help, Shift-Dir - straight line, f - yaktaur captain
Aim: a yaktaur captain, wielding an arbalest (umbra, chance to defeat MR: 36%)
The yaktaur captain easily resists.
The yaktaur captain shoots a bolt.
The bolt hits you!!!
Ouch! That really hurt!
You die...

##≈≈§≈§§§## §§§§§§§§≈## ###
.§§8§§.§§# #Y.D#### ≈§≈≈§≈§
#$..Kc≈## ≈.§≈
##########≈≈#+++#+++##
#########≈≈≈..zc.....#
∩.......#≈≈≈≈.##'##..# #. k
.∩.....∩#≈≈≈≈##.@.##.#### +.##.
∩.∩...∩.#≈≈≈≈#.)#..# ...# ...##
.∩.∩.∩.∩#≈≈####...####..## #..##
..∩.∩.∩.#≈##.###'###.##..# +.(#.
...∩.∩..#≈#..###.##.#.#..# #..#)
....⌠...'≈'##.'.<.'###'..####..##
........#≈#..###.##.#.#....###...
▓▓▓▓▓▓###≈##.###'###.##...§..≈≈≈≈
?.s######≈≈####.#.####≈≈.....≈#+#


You could see Roxanne and a yaktaur captain.

Vanquished Creatures
  A merfolk siren (D)
  A yaktaur (D)
  3 polar bears (D)
  A hornet (D)
  Menkaure (D)
  4 necrophages (D)
  A crocodile (D)
  A hell rat (D)
  4 worker ants (D)
17 creatures vanquished.

Vanquished Creatures (others)
  A hippogriff (D)
  A crocodile (D)
2 creatures vanquished.

Grand Total: 19 creatures vanquished

Notes
Turn   | Place    | Note
-------+----------+-------------------------------------------
     0 | D        | MuseOD the Spriggan Enchanter began the quest for the Orb.
     0 | D        | Reached XP level 1. HP: 9/9 MP: 5/5
     1 | D        | Noticed a hippogriff
     1 | D        | Noticed a hippogriff
     4 | D        | Noticed a merfolk siren
     7 | D        | Noticed a worker ant
     7 | D        | Noticed a worker ant
     9 | D        | Noticed a worker ant
     9 | D        | Noticed a worker ant
    10 | D        | Killed a worker ant
    10 | D        | Reached skill level 6 in Stealth
    10 | D        | Reached XP level 2. HP: 15/15 MP: 6/6
    11 | D        | Reached skill level 5 in Short Blades
    11 | D        | Reached XP level 3. HP: 19/19 MP: 8/8
    18 | D        | Learned a level 2 spell: Ensorcelled Hibernation
    22 | D        | Learned a level 3 spell: Confuse
    24 | D        | Reached skill level 7 in Stealth
    24 | D        | Reached XP level 4. HP: 24/24 MP: 6/9
    28 | D        | Reached skill level 8 in Stealth
    34 | D        | Noticed a necrophage
    34 | D        | Noticed a necrophage
    34 | D        | Noticed a necrophage
    34 | D        | Noticed a necrophage
    48 | D        | Killed a necrophage
    48 | D        | Reached skill level 9 in Stealth
    48 | D        | Reached XP level 5. HP: 27/29 MP: 4/10
    65 | D        | Found Jiffurik's Jewellery Shop.
    65 | D        | Found Naciskue's Distillery.
    65 | D        | Found Puema's Gadget Shop.
    65 | D        | Found Yxeemm's Jewellery Boutique.
    65 | D        | Found Pacyur's Antique Weapon Shop.
    65 | D        | Found Nowoikhli's Antique Armour Boutique.
    65 | D        | Found Ryxul's Gadget Shop.
    65 | D        | Found Ikkagus's Armour Boutique.
    65 | D        | Found Dyogasel's Food Boutique.
    68 | D        | Found Hoss's Antique Armour Shop.
    68 | D        | Found Bafin's Magic Scroll Boutique.
    68 | D        | Noticed a crocodile
    68 | D        | Noticed a redback
    70 | D        | Found Kapp's Weapon Boutique.
    70 | D        | Found Koja's Book Shop.
    70 | D        | Noticed a redback
    70 | D        | Noticed an oklob plant
    71 | D        | Found Niur's Assorted Antiques.
    71 | D        | Found Bivorro's Distillery.
    71 | D        | Found Moup's Book Shoppe.
    82 | D        | Killed a crocodile
    88 | D        | Killed a necrophage
    88 | D        | Reached skill level 5 in Fighting
    88 | D        | Reached skill level 10 in Stealth
    90 | D        | Noticed a shining eye
    94 | D        | Killed a necrophage
    94 | D        | Reached skill level 10 in Short Blades
    94 | D        | Reached skill level 11 in Stealth
    94 | D        | Reached XP level 6. HP: 33/33 MP: 2/11
   110 | D        | Learned a level 3 spell: Dazzling Spray
   114 | D        | Reached skill level 12 in Stealth
   117 | D        | Killed a hippogriff
   156 | D        | Noticed Menkaure
   168 | D        | Killed Menkaure
   168 | D        | Reached XP level 7. HP: 28/38 MP: 0/12
   263 | D        | Found a glowing golden altar of the Shining One.
   263 | D        | Found an ornate altar of the Wu Jian Council.
   264 | D        | Found a shimmering altar of Xom.
   264 | D        | Found a sacrificial altar of Ru.
   264 | D        | Found a stormy altar of Qazlal.
   265 | D        | Found a basalt altar of Yredelemnul.
   265 | D        | Found a deep blue altar of Sif Muna.
   265 | D        | Found a viscous altar of Jiyva.
   266 | D        | Found a glowing silver altar of Zin.
   266 | D        | Found a bloodstained altar of Trog.
   266 | D        | Found an ancient bone altar of Kikubaaqudgha.
   267 | D        | Found a hide-covered altar of Uskayaw.
   267 | D        | Found a corrupted altar of Lugonu.
   267 | D        | Found a shadowy altar of Dithmenos.
   268 | D        | Found a radiant altar of Vehumet.
   268 | D        | Found a burning altar of Makhleb.
   268 | D        | Found a white marble altar of Elyvilon.
   269 | D        | Found a sparkling altar of Nemelex Xobeh.
   269 | D        | Found a blossoming altar of Fedhas.
   270 | D        | Found an iron altar of Okawaru.
   270 | D        | Found an opulent altar of Gozag.
   278 | D        | Found a hazy altar of Hepliaklqana.
   278 | D        | Found a snail-covered altar of Cheibriados.
   279 | D        | Found a roughly hewn altar of Beogh.
   285 | D        | Became a worshipper of Dithmenos the Shadowed
   570 | D        | Noticed a yaktaur
   570 | D        | Noticed a hornet
   570 | D        | Noticed a polar bear
   570 | D        | Noticed a polar bear
   576 | D        | Killed a polar bear
   576 | D        | Reached skill level 13 in Stealth
   576 | D        | Reached skill level 5 in Spellcasting
   576 | D        | Reached skill level 5 in Hexes
   577 | D        | Noticed a polar bear
   590 | D        | Killed a polar bear
   590 | D        | Reached skill level 14 in Stealth
   593 | D        | Killed a polar bear
   593 | D        | Reached * piety under Dithmenos
   593 | D        | Reached XP level 8. HP: 39/42 MP: 5/19
   600 | D        | Killed a yaktaur
   600 | D        | Reached skill level 15 in Stealth
   609 | D        | Killed a hornet
   964 | D        | Killed a merfolk siren
   964 | D        | Reached skill level 16 in Stealth
  1000 | D        | Bought a book of Power for 450 gold pieces
  1006 | D        | Learned a level 5 spell: Bolt of Magma
  1012 | D        | Learned a level 5 spell: Venom Bolt
  1019 | D        | Learned a level 6 spell: Iron Shot
  1023 | D        | Noticed a great orb of eyes
  1031 | D        | Noticed a centaur warrior
  1031 | D        | Noticed Kirke
  1031 | D        | Noticed a skeletal warrior
  1032 | D        | Noticed an elephant
  1032 | D        | Noticed a yaktaur captain
  1033 | D        | Noticed a kobold demonologist
  1037 | D        | Noticed Roxanne
  1050 | D        | Noticed an ice dragon
  1060 | D        | Shot with a bolt by a yaktaur captain

Skill      XL: |  1  2  3  4  5  6  7  8 |
---------------+-------------------------+-----
Fighting       | 2 3 4 5 6 |  6.3
Short Blades   | 4 5 6 8 10 11 | 11.6
Stealth        | 6 7 9 11 12 14 16 | 16.1
Spellcasting   | 7 9 |  9.6
Hexes          | 7 9 |  9.9
Dodging        | |  3.0

Action                   |  1- 3 |  4- 6 |  7- 9 || total
-------------------------+-------+-------+-------++-------
Melee: Dagger            |     3 |    31 |    24 ||    58
 Cast: Ensorcelled Hiber |     1 |     2 |     6 ||     9
       Confuse           |       |     5 |    16 ||    21
  Use: Potion            |       |     1 |     3 ||     4
 Stab: Sleeping          |     3 |     2 |     2 ||     7
       Confused          |       |     2 |     5 ||     7
       Paralysed         |       |       |     1 ||     1
Armor: Robe              |       |     1 |     2 ||     3
Dodge: Dodged            |       |     8 |    31 ||    39
